 Dungeon Crawl Stone Soup version 0.25.0-11-g1f837a76a1 (webtiles) character file.

Game seed: 15129621478314219342

121232 Fv001 the Brawler (level 16, -1/161 HPs)
             Began as a Troll Berserker on June 24, 2020.
             Was a High Priest of Trog.
             Slain by Xazxyhice's ghost (14 damage)
             ... on level 1 of the Shoals on June 25, 2020.
             The game lasted 01:22:35 (23903 turns).

Fv001 the Brawler (Troll Berserker)                Turns: 23903, Time: 01:22:37

Health: -1/161     AC: 23    Str: 32    XL:     16   Next: 31%
Magic:  21/21      EV: 21    Int:  3    God:    Trog [*****.]
Gold:   209        SH:  0    Dex: 11    Spells: 15/15 levels left

rFire    + + .     SeeInvis .     - Unarmed
rCold    . . .     Gourm    +   (no shield)
rNeg     . . .     Faith    .   F - +2 fire dragon scales (curse)
rPois    .         Spirit   .   J - +2 hat {MR+}
rElec    .         Reflect  .   w - +2 cloak
rCorr    .         Harm     .   (gloves unavailable)
MR       ++++.                  (boots unavailable)
Stlth    ..........             U - amulet of the acrobat
HPRegen  1.76/turn              N - ring of protection from cold
MPRegen  0.17/turn              W - ring of Phasing {EV+8}

@: berserk cooldown, regenerating, slowed, very slow
A: large, unfitting armour, claws 3, fast metabolism 3, gourmand, regeneration
1, shaggy fur 1, tough skin 3
a: Berserk, Trog's Hand, Brothers in Arms, Renounce Religion


You were on level 1 of the Shoals.
You worshipped Trog.
Trog was extremely pleased with you.
You were very full.

You visited 4 branches of the dungeon, and saw 24 of its levels.
You also visited: Sewer, Bailey and Gauntlet.

You collected 2304 gold pieces.
You spent 2095 gold pieces at shops.

Inventory:

Hand Weapons
 a - the +12 Vampire's Tooth {vamp}
   (Trog gifted it to you on level 3 of the Lair of Beasts)

   It inflicts no extra harm, but heals its wielder when it wounds a living foe.
Missiles
 V - 27 large rocks (quivered)
Armour
 w - a +2 cloak (worn)
 F - cursed +2 fire dragon scales (worn)
 J - a +2 hat of magic resistance (worn)
Jewellery
 A - an uncursed ring of positive energy
 N - a ring of protection from cold (left claw)
 U - an amulet of the acrobat (around neck)
 W - the ring of Phasing (right claw) {EV+8}
   (You found it in a Gauntlet)

   [ring of evasion]

   It affects your evasion (+8).
Wands
 d - a wand of iceblast (15)
 l - a wand of acid (31)
 q - a wand of polymorph (17)
 y - a wand of random effects (24)
 D - a wand of digging (13)
 L - a wand of flame (30)
 R - a wand of disintegration (29)
 S - a wand of enslavement (20)
Scrolls
 c - 14 scrolls of teleportation
 h - 3 scrolls of magic mapping
 i - a scroll of blinking
 n - a scroll of acquirement {unknown}
 p - 13 scrolls of remove curse
 u - 2 scrolls of summoning
 x - 3 scrolls of fear
 B - a scroll of silence {unknown}
 G - 4 scrolls of fog
Potions
 e - 5 potions of heal wounds
 f - 8 potions of curing
 g - 5 potions of mutation
 m - 7 potions of haste
 t - 4 potions of ambrosia
 v - 4 potions of cancellation
 C - 9 potions of might
 E - 3 potions of flight
 H - 4 potions of berserk rage
 K - 4 potions of stabbing
 Q - a potion of resistance
 X - a potion of invisibility {unknown}
 Y - a potion of experience {unknown}
Miscellaneous
 o - a tin of tremorstones (3/3)
 I - a lightning rod (4/4)
 O - a phantom mirror
 T - a phial of floods
Comestibles
 b - 44 rations
 j - 8 chunks of flesh


   Skills:
 + Level 10.7 Fighting
 - Level 5.0 Short Blades
 + Level 10.4 Armour
 + Level 10.8 Dodging
 * Level 16.7 Unarmed Combat
 + Level 8.5 Evocations


You had 15 spell levels left.
You didn't know any spells.
Your spell library was empty.

Dungeon Overview and Level Annotations

Branches:
Dungeon (15/15)            Temple (0/1) D:4            Lair (6/6) D:9
 Shoals (1/4) Lair:4       Spider (0/4) Lair:3        Slime (0/5) Lair:5
    Orc (2/2) D:9             Elf (0/3) Orc:2        Vaults (0/5) D:14
 Depths (0/5) D:15          Sewer (visited)          Bailey (visited)
Gauntlet (visited)

Altars:
Ashenzari
Dithmenos
Fedhas
Gozag
Kikubaaqudgha
Makhleb
Nemelex Xobeh
Uskayaw
Xom
Zin
Beogh

Shops:
D:14 }   D:15 [   Orc:2 [![:

Annotations:
D:12 3 runed translucent doors, Acheron's ghost, journeyman MiAK
Shoals:1 1 transporter, Xazxyhice's ghost, adept HOAs


Innate Abilities, Weirdness & Mutations

You are too large for most types of armour.
You have claws for hands.
Your metabolism is lightning-fast.
You like to eat raw meat.
Your natural rate of healing is unusually fast.
You are covered in fur. (AC +1)
You have extremely tough skin. (AC +3)


Message History

You are exhausted.
You feel yourself slow down.
You feel much better.
You feel sick.
Press: ? - help, v - describe, . - travel
Here: Xazxyhice's ghost, wielding a weapon of flaming (lightly damaged)
The floor, spattered with blood.
You feel sick.
You hear a screech!
You feel sick.
The hippogriff rages.
Xazxyhice's ghost hits you but does no damage.
You feel better. Xazxyhice's ghost barely misses you.
Your skin crawls.
You feel resistant to hostile enchantments.
You feel quite a bit less full. Xazxyhice's ghost hits you!!
* * * LOW HITPOINT WARNING * * *
Xazxyhice's ghost burns you.
* * * LOW HITPOINT WARNING * * *
Xazxyhice's ghost hits you!
You die...

..≈≈≈≈≈..........≈≈≈
..≈≈≈≈...........≈≈≈
.≈≈≈≈≈...........≈≈≈
.≈≈≈≈.............≈≈
≈≈≈≈≈..####.©.####
≈≈≈≈.###..#####..##
≈≈≈≈##..#[[?==%...#
≈≈≈≈#....###[..##.##
≈≈≈≈##.#...††#HW@..#
≈≈≈≈≈#...#..©..##.©#≈≈..
≈≈≈≈≈#..##..#......#≈..>≈
≈≈≈≈≈#.)..#...#...##≈≈≈≈≈
≈≈≈.÷##......#....#≈≈≈≈≈≈
≈≈....##W###. #####≈≈≈≈≈≈≈≈≈
≈.....÷###©####....≈≈≈≈≈≈≈≈≈≈
≈.....÷............≈≈≈≈≈≈≈≈≈≈≈
..................≈≈≈≈≈≈≈≈≈≈≈≈≈


You could see a hippogriff (berserk) and Xazxyhice's ghost.

Vanquished Creatures
  A fire giant (D:15)
  A stone giant (Orc:1)
  Nessos (Lair:5)
  5 dire elephants (Lair:6)
  A minotaur (Gauntlet)
  A fire dragon (D:15)
  Erolcha (D:10)
  4 vault guards (D:14)
  4 ogre magi
  A hell beast (Gauntlet)
  A merfolk avatar (Shoals:1)
  Erica (D:10)
  5 hydras
  An anaconda (Lair:6)
  22 two-headed ogres
  8 death yaks
  2 centaur warriors
  2 tengu warriors (D:14)
  Nergalle (Lair:2)
  4 hell knights (D:14)
  Sonja (Lair:5)
  4 unseen horrors
  3 skeletal warriors (D:13)
  2 sea snakes (Shoals:1)
  A wizard (D:15)
  5 orc knights
  6 harpies (Shoals:1)
  6 cyclopes
  5 necromancers
  A lindwurm (Lair:4)
  3 wolf spider zombies
  An orc sorcerer (Orc:2)
  14 ugly things
  2 moths of wrath (Shoals:1)
  7 manticores
  A merfolk siren (Shoals:1)
  5 black mambas
  8 elephants (Lair:6)
  8 centaur skeletons
  Maurice (D:9)
  A torpor snail (Lair:5)
  8 spiny frogs
  2 kobold demonologists
  7 komodo dragons
  A freezing wraith (D:14)
  2 yaktaurs
  3 trolls
  2 jumping spiders (Lair:3)
  A merfolk (Shoals:1)
  A troll (shapeshifter) (D:13)
  A hornet (D:12)
  A harpy skeleton (D:15)
  14 blink frogs
  A wind drake (Shoals:1)
  8 hippogriffs
  A snapping turtle (Shoals:1)
  6 dream sheep (Lair:5)
  4 redbacks (Lair:3)
  A wraith (D:12)
  4 shadows
  3 wyverns
  31 yaks
  A fire bat (shapeshifter) (Gauntlet)
  2 vampires
  2 basilisks
  A hungry ghost (D:11)
  2 vampire mosquitoes (D:15)
  Menkaure (D:4)
  A warg (Orc:2)
  A soldier ant (D:13)
  A swamp worm (shapeshifter) (D:15)
  7 hell hounds (D:14)
  9 water moccasins
  A meliai simulacrum (D:15)
  A hornet zombie (D:15)
  2 porcupines (Lair:2)
  27 orc warriors
  4 sky beasts
  7 ice beasts
  A phantom (D:7)
  A necrophage (D:11)
  2 eyes of draining
  6 wolves (Gauntlet)
  31 ogres
  12 crocodiles
  12 centaurs
  2 big kobolds (D:9)
  A crocodile (shapeshifter) (Gauntlet)
  11 bullfrogs
  4 scorpions
  A water moccasin skeleton (D:7)
  26 killer bees
  4 wights (D:13)
  A howler monkey (D:6)
  6 crimson imps
  4 centaur zombies
  A quasit (D:6)
  10 jellies
  17 orc priests
  8 hounds
  21 orc wizards
  2 bullfrog skeletons (D:10)
  4 iguanas
  Natasha (thrice) (D:3)
  Ijyb (D:3)
  10 worker ants
  A killer bee zombie (D:5)
  2 hound zombies
  A howler monkey zombie (D:6)
  Robin (D:3)
  A worker ant zombie (D:5)
  4 gnolls (D:6)
  20 adders
  6 river rats (Sewer)
  4 shadow imps
  12 white imps (D:13)
  An ooze (D:1)
  2 adder skeletons (D:7)
  2 worms (D:2)
  3 dart slugs (D:1)
  9 leopard geckos
  96 orcs
  4 giant cockroaches
  22 goblins
  9 hobgoblins
  22 jackals
  20 kobolds
  4 quokkas
  6 ball pythons
  5 bats
  8 frilled lizards
  2 quokka zombies
  15 rats
  A bush (Shoals:1)
  4 plants (Lair:6)
813 creatures vanquished.

Vanquished Creatures (collateral kills)
  Gastronok (D:9)
  An orc warlord (Orc:2)
  A dire elephant (Lair:6)
  A death yak (Lair:5)
  An ogre mage (Orc:2)
  4 two-headed ogres (Orc:2)
  Urug (Lair:1)
  2 orc knights (Bailey)
  An orc sorcerer (Orc:2)
  3 yaks (Lair:5)
  An orc warrior (Orc:2)
  4 ogres (Orc:2)
  2 orc priests (Orc:2)
  9 orcs
  A butterfly (Lair:1)
33 creatures vanquished.

Vanquished Creatures (others)
  A human (D:3)
  5 fungi
  17 plants
23 creatures vanquished.

Grand Total: 869 creatures vanquished

Notes
Turn   | Place    | Note
-------+----------+-------------------------------------------
     0 | D:1      | Fv001 the Troll Berserker began the quest for the Orb.
     0 | D:1      | Reached XP level 1. HP: 22/22 MP: 0/0
    51 | D:1      | Reached XP level 2. HP: 29/29 MP: 1/1
   150 | D:1      | Reached ** piety under Trog
   150 | D:1      | Reached XP level 3. HP: 32/36 MP: 2/2
   159 | D:1      | Reached skill level 1 in Armour
   682 | D:2      | Reached XP level 4. HP: 29/45 MP: 3/3
   944 | D:2      | Reached *** piety under Trog
   980 | D:2      | Found a shadowy altar of Dithmenos.
  1105 | D:2      | Reached skill level 4 in Unarmed Combat
  1136 | D:2      | Reached XP level 5. HP: 51/53 MP: 4/4
  1449 | D:3      | Found a faded altar of an unknown god.
  1449 | D:3      | Noticed Natasha
  1462 | D:3      | Killed Natasha
  1505 | D:3      | Found an ancient bone altar of Kikubaaqudgha.
  1505 | D:3      | Noticed Ijyb
  1506 | D:3      | Noticed Natasha
  1507 | D:3      | Noticed a human
  1508 | D:3      | Killed a human
  1512 | D:3      | Killed Ijyb
  1518 | D:3      | Killed Natasha
  1620 | D:3      | Noticed Natasha
  1631 | D:3      | Killed Natasha
  1669 | D:3      | Reached XP level 6. HP: 53/61 MP: 5/5
  1705 | D:3      | Identified the cursed +0 helmet of the Iron City of Dis
                  | {Harm}
  1705 | D:3      | Noticed Robin
  1724 | D:3      | Reached **** piety under Trog
  1741 | D:3      | Killed Robin
  2140 | D:4      | Found a staircase to the Ecumenical Temple.
  2154 | D:4      | Reached skill level 5 in Unarmed Combat
  2163 | D:4      | Noticed Menkaure
  2169 | D:4      | Killed Menkaure
  2169 | D:4      | Reached XP level 7. HP: 68/68 MP: 6/6
  2240 | D:4      | Found a sparkling altar of Nemelex Xobeh.
  2449 | D:4      | Found an opulent altar of Gozag.
  2869 | D:5      | Entered Level 5 of the Dungeon
  2925 | D:5      | Found a glowing drain.
  2962 | Sewer    | Entered a sewer
  3371 | D:5      | Reached skill level 6 in Unarmed Combat
  3916 | D:6      | Reached ***** piety under Trog
  3916 | D:6      | Reached XP level 8. HP: 67/78 MP: 7/7
  4074 | D:6      | Reached skill level 7 in Unarmed Combat
  4165 | D:6      | Found a blossoming altar of Fedhas.
  4502 | D:6      | Reached skill level 5 in Fighting
  4502 | D:6      | Reached skill level 5 in Dodging
  4567 | D:6      | Reached XP level 9. HP: 88/88 MP: 8/8
  4598 | D:6      | Reached skill level 8 in Unarmed Combat
  4941 | D:7      | Found a burning altar of Makhleb.
  5197 | D:7      | Reached skill level 1 in Evocations
  5219 | D:7      | You fall into a shaft and drop 3 floors!
  5219 | D:10     | Entered Level 10 of the Dungeon
  5348 | D:8      | Received a gift from Trog
  5415 | D:8      | Noticed an angel
  5416 | D:8      | Found a glowing silver altar of Zin.
  5425 | D:8      | Found a shimmering altar of Xom.
  5645 | D:7      | Found a hide-covered altar of Uskayaw.
  5842 | D:8      | Noticed a two-headed ogre
  5848 | D:8      | Killed a two-headed ogre
  5848 | D:8      | Reached skill level 5 in Armour
  5848 | D:8      | Reached skill level 9 in Unarmed Combat
  6353 | D:9      | Noticed Maurice
  6360 | D:9      | Killed Maurice
  6360 | D:9      | Reached XP level 10. HP: 98/98 MP: 10/10
  6418 | D:9      | Found a shattered altar of Ashenzari.
  6602 | D:9      | Found a staircase to the Lair.
  6738 | D:9      | Noticed Gastronok
  6755 | D:9      | Killed Gastronok
  6755 | D:9      | Reached skill level 10 in Unarmed Combat
  6798 | D:9      | Found a staircase to the Orcish Mines.
  6829 | D:9      | Found a roughly hewn altar of Beogh.
  7384 | D:10     | Noticed Erica
  7396 | D:10     | Killed Erica
  7538 | D:10     | Noticed Erolcha
  7569 | D:10     | Killed Erolcha
  7569 | D:10     | Reached XP level 11. HP: 51/107 MP: 12/12
  7846 | D:10     | Found a roughly hewn altar of Beogh.
  7978 | D:11     | Noticed a two-headed ogre
  7981 | D:11     | Killed an unseen horror
  7988 | D:11     | Killed a two-headed ogre
  7988 | D:11     | Reached skill level 11 in Unarmed Combat
  8062 | D:11     | Got a crude amber ring
  8064 | D:11     | Identified the ring of the Monkey {*Tele rF+ Str+2} (You
                  | found it on level 11 of the Dungeon)
  8120 | D:11     | Noticed a two-headed ogre
  8128 | D:11     | Killed a two-headed ogre
  8269 | D:11     | Noticed a two-headed ogre
  8277 | D:11     | Killed a two-headed ogre
  8423 | D:11     | Killed an unseen horror
  8563 | D:11     | Reached ****** piety under Trog
  8593 | D:11     | Noticed a brown ugly thing
  8600 | D:11     | Killed a brown ugly thing
  9122 | D:12     | Found a runed translucent gate.
  9123 | D:12     | Found a runed translucent gate.
  9123 | D:12     | Noticed a 13-headed hydra
  9123 | D:12     | Noticed Acheron's ghost (journeyman MiAK)
  9124 | D:12     | Found a runed translucent gate.
  9124 | D:12     | Noticed a ten-headed hydra
  9238 | D:12     | Paralysed by a hornet for 2 turns
  9437 | D:12     | Noticed a centaur warrior
  9443 | D:12     | Killed a centaur warrior
  9443 | D:12     | Reached skill level 12 in Unarmed Combat
  9443 | D:12     | Reached XP level 12. HP: 44/118 MP: 14/14
  9524 | D:12     | Noticed a two-headed ogre
  9600 | D:12     | Noticed a two-headed ogre
  9612 | D:12     | Killed a two-headed ogre
  9614 | D:12     | Killed a two-headed ogre
 10255 | Lair:1   | Entered Level 1 of the Lair of Beasts
 10263 | Lair:1   | Reached skill level 5 in Evocations
 10647 | Lair:1   | Noticed Urug
 10660 | Lair:1   | Killed Urug
 11101 | Lair:2   | Noticed a four-headed hydra
 11119 | Lair:1   | Killed a one-headed hydra
 11198 | Orc:1    | Entered Level 1 of the Orcish Mines
 11588 | Orc:2    | Entered Level 2 of the Orcish Mines
 11677 | Orc:2    | Noticed an orc warlord
 11775 | Orc:2    | Killed an orc warlord
 11779 | Orc:2    | Reached skill level 13 in Unarmed Combat
 11868 | Orc:2    | Received a gift from Trog
 11880 | Orc:2    | Found a staircase to the Elven Halls.
 12010 | Orc:2    | Noticed a two-headed ogre
 12020 | Orc:2    | Killed a two-headed ogre
 12237 | Orc:2    | Noticed a two-headed ogre
 12237 | Orc:2    | Noticed a two-headed ogre
 12237 | Orc:2    | Noticed a two-headed ogre
 12237 | Orc:2    | Noticed an ogre mage
 12237 | Orc:2    | Noticed an ogre mage
 12267 | Orc:2    | Killed a two-headed ogre
 12295 | Orc:2    | Noticed a two-headed ogre
 12300 | Orc:2    | Noticed a two-headed ogre
 12304 | Orc:2    | Killed a two-headed ogre
 12304 | Orc:2    | Reached XP level 13. HP: 69/127 MP: 16/16
 12686 | Orc:2    | Found Qutug's Armour Boutique.
 12686 | Orc:2    | Found Loaxzic's Distillery.
 12688 | Orc:2    | Found Nitustroe's Antique Armour Emporium.
 12688 | Orc:2    | Found Emoqait's Book Shop.
 12699 | Orc:2    | Bought a runed scarf for 176 gold pieces
 12721 | Orc:2    | Bought a potion of flight for 51 gold pieces
 12721 | Orc:2    | Bought a potion of haste for 170 gold pieces
 12721 | Orc:2    | Bought a potion of haste for 170 gold pieces
 12721 | Orc:2    | Bought a potion of ambrosia for 136 gold pieces
 12721 | Orc:2    | Bought a potion of heal wounds for 85 gold pieces
 12721 | Orc:2    | Bought a potion of curing for 51 gold pieces
 12721 | Orc:2    | Bought a potion of mutation for 136 gold pieces
 13024 | Orc:1    | Noticed a stone giant
 13033 | Orc:1    | Killed a stone giant
 13521 | Lair:2   | Noticed Nergalle
 13528 | Lair:2   | Killed Nergalle
 13620 | Lair:2   | Reached skill level 14 in Unarmed Combat
 14399 | Lair:3   | Found a hole to the Spider Nest.
 14443 | Lair:3   | Received a gift from Trog
 14444 | Lair:3   | Found the +12 Vampire's Tooth {vamp}
 15160 | Lair:4   | Found a staircase to the Shoals.
 15231 | Lair:4   | Reached skill level 1 in Short Blades
 15440 | Lair:4   | Reached XP level 14. HP: 70/140 MP: 18/18
 15926 | Lair:5   | Noticed Sonja
 15927 | Lair:5   | Found a staircase to the Slime Pits.
 15964 | Lair:5   | Killed Sonja
 15993 | Lair:5   | Noticed Nessos
 16003 | Lair:5   | Killed Nessos
 17117 | Lair:6   | Entered Level 6 of the Lair of Beasts
 17654 | Lair:6   | Reached skill level 15 in Unarmed Combat
 19018 | D:13     | Found a gate leading to a gauntlet.
 19039 | Gauntlet | Entered a Gauntlet
 19039 | Gauntlet | Found a transporter.
 19039 | Gauntlet | Found a transporter.
 19051 | Gauntlet | Found a transporter.
 19054 | Gauntlet | Found a transporter.
 19063 | Gauntlet | Found a transporter.
 19065 | Gauntlet | Found a transporter.
 19073 | Gauntlet | Found a transporter.
 19091 | Gauntlet | Found a transporter.
 19109 | Gauntlet | Found a transporter.
 19112 | Gauntlet | Found a transporter.
 19123 | Gauntlet | Found a transporter.
 19126 | Gauntlet | Found a transporter.
 19242 | Gauntlet | Received a gift from Trog
 19333 | Gauntlet | Got a crude cloak
 19344 | Gauntlet | Identified the cursed +0 cloak "Xairob" {MP+9 SInv} (You
                  | found it in a Gauntlet)
 19425 | Gauntlet | Found the ring of Phasing {EV+8}
 19517 | D:13     | Reached XP level 15. HP: 115/149 MP: 19/19
 19566 | D:13     | Found a flagged portal.
 19578 | Bailey   | Entered a bailey
 19784 | Bailey   | Reached skill level 10 in Dodging
 20650 | D:13     | Reached skill level 10 in Fighting
 20725 | D:14     | Found Myqamna's Gadget Shop.
 20759 | D:14     | Bought a tin of tremorstones (3/3) for 640 gold pieces
 20759 | D:14     | Bought a phantom mirror for 480 gold pieces
 21041 | D:14     | Received a gift from Trog
 21596 | D:14     | Reached skill level 16 in Unarmed Combat
 21695 | D:14     | Reached skill level 10 in Armour
 21802 | D:14     | Found a gate to the Vaults.
 22148 | D:15     | Entered Level 15 of the Dungeon
 22178 | D:15     | Received a gift from Trog
 22242 | D:15     | Reached skill level 5 in Short Blades
 22380 | D:15     | Found Judeb's Armour Shoppe.
 22510 | D:15     | Reached XP level 16. HP: 145/159 MP: 21/21
 22586 | D:15     | Found a staircase to the Depths.
 23326 | Shoals:1 | Entered Level 1 of the Shoals
 23660 | Shoals:1 | Found a transporter.
 23672 | Shoals:1 | Noticed Xazxyhice's ghost (adept HOAs)
 23841 | Shoals:1 | Found a transporter.
 23865 | Shoals:1 | Received a gift from Trog
 23896 | Shoals:1 | HP: 10/241 [Xazxyhice's ghost (28)]
 23903 | Shoals:1 | Slain by Xazxyhice's ghost

Illustrated notes

Levels and vault maps discovered:
D:1:      lemuel_arrival_room, layout_rooms, minmay_pentomino_u4
D:2:      layout_loops_ring, marbit_many_paths
D:3:      layout_basic, chequers_ecumenical_altar_simple_redux,
          tgw_kikubaaqudgha, uniq_robin, uniq_natasha, uniq_ijyb
D:4:      layout_loops_cross, kennysheep_mini_moat,
          nemelex_xobeh_ov_fountains_minmay,
          minmay_temple_entry_drinking_statues, first_ration,
          patterned_corridor, uniq_menkaure
D:5:      layout_gridville, cheibrodos_sewer_entry_drain
D:6:      layout_loops_cross, fedhas_altar_1
D:7:      layout_loops_ring, eat_drink_and_be_merry_uskayaw,
          lightli_temple_of_fire
D:8:      layout_cave_pods, grunt_temple_overflow_order_and_chaos_1
D:9:      layout_long_grid, david_lair_shrubbed, minmay_orc_entry_temple_large,
          basic_altar, blue_anna_alchemist [blue_anna_fruit_fields,
          blue_anna_fruit_fields], uniq_gastronok, uniq_maurice
D:10:     layout_roguey, special_room [special_room_orc], uniq_erica,
          uniq_erolcha
D:11:     layout_long_grid
D:12:     layout_basic, gammafunk_ghost_hydra_chop
D:13:     layout_irregular_city, enter_bailey_8, portal_ice_cave_entry_imps,
          gauntlet_entry_generic
D:14:     layout_long_grid, lightli_vaults_fourway_checkpoint,
          nicolae_two_hexagons, serial_shops, nicolae_shop_waterfront,
          minmay_rotating_lava
D:15:     grunt_enter_depths_giant_problem, layout_long_grid, serial_shops, shop
Lair:1:   layout_regular_city, cheibrodos_lair_reptile_den, lemuel_fruit_fields,
          uniq_urug
Lair:2:   layout_chaotic_city, guppyfry_lair_drakes, grunt_megastairs_4,
          uniq_nergalle
Lair:3:   layout_regular_city, nicolae_spider_entry_tight_spaces
Lair:4:   layout_roguey, shoals_dummy_entry, nicolae_quartered_pool_little,
          lemuel_fruit_tree
Lair:5:   layout_loops_ring, minmay_slime_entry_pillars, uniq_nessos, uniq_sonja
Lair:6:   due_jungle_book, layout_layer_cave, chequers_serial_rivers_small_3,
          eino_small_chamber_without_monster
Shoals:1: layout_shoals, gammafunk_ghost_berserking_beasts, yaktaur_hedge
Orc:1:    layout_diamond_mine
Orc:2:    st_orc_ogre_mass, layout_diamond_mine

Skill      XL: |  1  2  3  4  5  6  7  8  9 10 11 12 13 14 15 |
---------------+----------------------------------------------+-----
Armour         | 1 2 3 4 5 6 7 8 9 10 | 10.4
Fighting       | 3 4 5 6 7 8 9 10 | 10.7
Dodging        | 3 4 5 6 7 8 9 10 | 10.8
Unarmed Combat | 4 5 6 7 9 10 12 13 14 15 16 | 16.7
Evocations     | 2 3 4 5 6 7 8 |  8.5
Short Blades   | 1 3 5 |  5.0

Action                   |  1- 3 |  4- 6 |  7- 9 | 10-12 | 13-15 | 16-18 || total
-------------------------+-------+-------+-------+-------+-------+-------++-------
Melee: Unarmed           |   120 |   189 |   419 |   585 |  1183 |   151 ||  2647
       Punch             |       |     4 |    15 |    29 |   121 |    10 ||   179
       Scimitar          |       |       |       |     9 |       |       ||     9
       Quick blade       |       |       |       |       |    29 |       ||    29
Throw: Large rock        |       |       |       |       |    11 |     4 ||    15
Invok: Berserk           |       |     5 |     2 |    18 |    28 |     3 ||    56
       Brothers in Arms  |       |       |       |     4 |     5 |       ||     9
       Trog's Hand       |       |       |       |     3 |     5 |     1 ||     9
Evoke: Wand              |       |       |       |     1 |     9 |       ||    10
  Use: Scroll            |       |       |    14 |    13 |    21 |     3 ||    51
       Potion            |       |       |       |     1 |     4 |     2 ||     7
 Stab: Sleeping          |       |     1 |     2 |       |       |       ||     3
       Distracted        |       |       |       |       |     2 |       ||     2
  Eat: Chunk             |    11 |    18 |    39 |    77 |   123 |    15 ||   283
Armor: Animal skin       |    55 |    40 |       |       |       |       ||    95
       Robe              |       |     8 |   161 |   175 |   157 |       ||   501
       Fire dragon scale |       |       |       |       |    61 |    88 ||   149
       Troll leather arm |       |       |       |       |    59 |       ||    59
Dodge: Dodged            |    80 |   111 |   223 |   308 |  1021 |   263 ||  2006
       Rpst.: Scimitar   |       |       |       |     1 |       |       ||     1
